 Dungeon Crawl Stone Soup version 0.22-a0-307-g2b15929 (webtiles) character file.

200 Amnesiac the Gusty (level 5, -5/28 HPs)
             Began as a Tengu Air Elementalist on Apr 1, 2018.
             Slain by an ogre
             ... wielding a +0 giant club
              (33 damage)
             ... on level 4 of the Dungeon.
             The game lasted 00:02:58 (1932 turns).

Amnesiac the Gusty (Tengu Air Elementalist)         Turns: 1932, Time: 00:02:59

Health: -5/28      AC:  3    Str:  8    XL:     5   Next: 79%
Magic:  9/11       EV: 12    Int: 20    God:
Gold:   66         SH:  0    Dex: 14    Spells: 3/10 levels left

rFire    . . .     SeeInvis .   d - +1 dagger (speed)
rCold    . . .     Gourm    .   (no shield)
rNeg     . . .     Faith    .   i - +0 leather armour of Biesu {Int+3} (curse)
rPois    .         Spirit   .   (helmet restricted)
rElec    .         Reflect  .   (no cloak)
rCorr    .         Harm     .   (no gloves)
MR       .....                  (boots unavailable)
Stlth    ++........             (no amulet)
HPRegen  0.09/turn              (no ring)
MPRegen  0.12/turn              (no ring)

@: no status effects
A: beak, talons 3, able to fly 1
a: Fly


You were on level 4 of the Dungeon.
You were hungry.

You visited 1 branch of the dungeon, and saw 4 of its levels.

You collected 66 gold pieces.

Inventory:

Hand Weapons
 d - a +1 dagger of speed (weapon)
Missiles
 f - 51 poisoned needles
Armour
 i - the cursed +0 leather armour of Biesu (worn) {Int+3}
   (You found it on level 4 of the Dungeon)

   It affects your intelligence (+3).
   It has a curse placed upon it.
Scrolls
 e - a scroll of remove curse {!r, unknown}
 h - 2 scrolls of noise {!r, unknown}
Potions
 b - a potion of heal wounds {!q, unknown}
 g - a potion of agility {!q, unknown}
Comestibles
 c - 5 rations


   Skills:
 - Level 2.1 Dodging
 - Level 2.0 Stealth
 + Level 3.4 Spellcasting
 - Level 1.3 Conjurations
 * Level 7.2 Air Magic


You had 3 spell levels left.
You knew the following spells:

 Your Spells              Type           Power        Failure   Level  Hunger
a - Shock                 Conj/Air       ###.         3%          1    None
d - Airstrike             Air            ####......   10%         4    ####...
z - Swiftness             Chrm/Air       ###.....     7%          2    ##.....


Dungeon Overview and Level Annotations

Branches:
Dungeon (4/15)
 Temple: D:4-7

Altars:
Kikubaaqudgha


Innate Abilities, Weirdness & Mutations

You have a beak for a mouth.
You have claws for feet.
You can fly.


Message History

Confirm with . or Enter, or press ? or * to list all spells.
Aiming: Shock (safe; 3% risk of failure)
Press: ? - help, Shift-Dir - straight line, f/p - orc
Aim: an orc, wielding a club (heavily wounded)
The zap hits the orc.
The orc is severely wounded.
The orc hits you with a club.
Casting: Shock (safe; 3% risk of failure)
Confirm with . or Enter, or press ? or * to list all spells.
Aiming: Shock (safe; 3% risk of failure)
Press: ? - help, Shift-Dir - straight line, f/p - orc
Aim: an orc, wielding a club (severely wounded)
The zap misses the orc.
The zap hits the orc.
The orc is lightly wounded.
Casting: Shock (safe; 3% risk of failure)
Confirm with . or Enter, or press ? or * to list all spells.
Aiming: Shock (safe; 3% risk of failure)
Press: ? - help, Shift-Dir - straight line, f/p - orc
Aim: an orc, wielding a club (severely wounded)
The zap hits the orc.
You kill the orc!
The zap hits the orc.
The orc is moderately wounded.
The orc throws a tomahawk.
The tomahawk closely misses you.
Casting: Shock (safe; 3% risk of failure)
Confirm with . or Enter, or press ? or * to list all spells.
Aiming: Shock (safe; 3% risk of failure)
Press: ? - help, Shift-Dir - straight line, f - orc
Aim: an orc, wearing a ring mail (moderately wounded)
The zap hits the orc.
The orc appears unharmed.
The orc is moderately wounded.
The orc throws a tomahawk.
The tomahawk barely misses you.
Casting: Shock (safe; 3% risk of failure)
Confirm with . or Enter, or press ? or * to list all spells.
Aiming: Shock (safe; 3% risk of failure)
Press: ? - help, Shift-Dir - straight line, f/p - orc
Aim: an orc, wearing a ring mail (moderately wounded)
The zap hits the orc.
The orc appears unharmed.
The orc is moderately wounded.
Casting: Shock (safe; 3% risk of failure)
Confirm with . or Enter, or press ? or * to list all spells.
Aiming: Shock (safe; 3% risk of failure)
Press: ? - help, Shift-Dir - straight line, f/p - orc
Aim: an orc, wearing a ring mail (moderately wounded)
The zap hits the orc.
You kill the orc!
Casting: Shock (safe; 3% risk of failure)
Confirm with . or Enter, or press ? or * to list all spells.
You can't see any susceptible monsters within range! (Use Z to cast anyway.)
Casting: Shock (safe; 3% risk of failure)
Confirm with . or Enter, or press ? or * to list all spells.
You can't see any susceptible monsters within range! (Use Z to cast anyway.)
Things that are here:
2 tomahawks; a ring mail; a club You are feeling hungry.
There is a stone staircase leading up here.
HP restored.
An ogre comes into view. It is wielding a giant club.
The ogre shouts!
An ogre is nearby!
An ogre is nearby!
The ogre hits you with a giant club!!
Ouch! That really hurt!
You die...

#.# #..#
#.## #.#
#..###...
#.#
#........
#.#
#.######.
#.# #.#
#. #.#
#.### #.
####.##
#...# #.
#.....#
###.# #.
#@##.##
#.# #.
#O####
#.# #.
#.# #.#
#. #.#
#.# #.
#.# #.#
#.
........#
#.# ##.
#########
#.# #..
#.# #..
##.###.#


You could see an ogre.

Vanquished Creatures
  A phantom (D:4)
  A bullfrog skeleton (D:4)
  A worker ant (D:4)
  2 adders
  13 orcs
  3 bats
  A giant cockroach (D:4)
  3 goblins
  3 jackals (D:4)
  2 quokkas
  2 ball pythons
  3 kobolds
  A rat (D:2)
36 creatures vanquished.

Notes
Turn   | Place    | Note
-------+----------+-------------------------------------------
     0 | D:1      | Amnesiac the Tengu Air Elementalist began the quest for the Orb.
     0 | D:1      | Reached XP level 1. HP: 10/10 MP: 4/4
   272 | D:2      | Reached XP level 2. HP: 15/15 MP: 3/6
   327 | D:2      | Found an ancient bone altar of Kikubaaqudgha.
   369 | D:3      | Reached skill level 5 in Air Magic
   632 | D:3      | Reached XP level 3. HP: 19/19 MP: 5/7
   636 | D:3      | Learned a level 2 spell: Swiftness
   918 | D:4      | Reached skill level 6 in Air Magic
   918 | D:4      | Reached XP level 4. HP: 13/24 MP: 4/9
   924 | D:4      | Learned a level 4 spell: Airstrike
  1432 | D:4      | Noticed a phantom
  1444 | D:4      | Killed a phantom
  1444 | D:4      | Reached skill level 7 in Air Magic
  1444 | D:4      | Gained mutation: You can fly. [Tengu growth]
  1444 | D:4      | Reached XP level 5. HP: 8/28 MP: 1/11
  1759 | D:4      | Got a fine leather armour
  1772 | D:4      | Identified the cursed +0 leather armour of Biesu {Int+3} (You found it on level 4 of the Dungeon)
  1928 | D:4      | Noticed an ogre
  1932 | D:4      | Slain by an ogre

Vault maps used:
D:1:      tarquinn_simple_flora_water_f
D:2:      lemuel_doored_altar, minmay_overflow_temple_star_quad, uniq_robin
D:3:      gammafunk_temple_overflow_wave, st_stairs_5, minmay_tree_intersection
D:4:      grunt_dithmenos_shadows, grunt_ministairs_14, minivault_24

Skill      XL: |  1  2  3  4 |
---------------+-------------+-----
Air Magic      | 5 6 7 |  7.2
Spellcasting   | 3 |  3.4
Dodging        | |  2.1
Stealth        | |  2.0
Conjurations   | |  1.3

Action                   |  1- 3 |  4- 6 || total
-------------------------+-------+-------++-------
Melee: Unarmed           |     5 |       ||     5
       Kick              |     1 |       ||     1
       Peck              |     1 |       ||     1
       Dagger            |     1 |     1 ||     2
 Cast: Shock             |    37 |    46 ||    83
       Swiftness         |     1 |       ||     1
  Eat: Chunk             |     1 |     2 ||     3
Armor: Robe              |    10 |     1 ||    11
Dodge: Dodged            |    32 |    10 ||    42

Table legend:
 A = Spawn XP
 B = Non-spawn XP
 C = Spawn XP percentage of total XP
 D = Spawn monster count
 E = Non-spawn monster count
 F = Spawn count percentage of total count
 G = Total turns spent on level
                    A         B        C        D         E        F      G
               +---------+---------+-------+---------+---------+-------+---------
         Total |       0 |     287 |   0.0 |       0 |      36 |   0.0 |  1932
               +---------+---------+-------+---------+---------+-------+---------
           D:1 |       0 |       4 |   0.0 |       0 |       3 |   0.0 |   172
           D:2 |       0 |       8 |   0.0 |       0 |       5 |   0.0 |   369
           D:3 |       0 |      26 |   0.0 |       0 |       7 |   0.0 |   136
           D:4 |       0 |     249 |   0.0 |       0 |      21 |   0.0 |  1255
               +---------+---------+-------+---------+---------+-------+---------
